 Dungeon Crawl Stone Soup version 0.20-a0-3-g334f831 (webtiles) character file.

321573 varam the Stickfighter (level 20, -11/182 HPs)
             Began as a Demonspawn Gladiator on Oct 30, 2016.
             Was the Champion of Okawaru.
             Mangled by Mennas
             ... wielding a +4 trishula of holy wrath
              (21 damage)
             ... on level 4 of the Vaults.
             The game lasted 03:37:54 (48913 turns).

varam the Stickfighter (Demonspawn Gladiator)      Turns: 48913, Time: 03:37:55

Health: -11/182    AC: 37    Str: 24    XL:     20   Next: 65%
Magic:  24/37      EV: 29    Int: 15    God:    Okawaru [******]
Gold:   1392       SH:  0    Dex: 15    Spells: 6 memorised, 16 levels left

rFire  + . .     SeeInvis +     F - +6 quarterstaff of Evil {crush, rElec rC++ Dex-4 SInv}
rCold  + + +     Gourm    +     D - +5 ring mail "Kenn" {*Slow rC+ Dex+6}
rNeg   + + .     Faith    .     (shield currently unavailable)
rPois  +         Spirit   .     k - +3 hat of Gluttony {*Drain rPois MP+9 Slay+5}
rElec  +         Reflect  .     e - +2 cloak of the Poles {rPois rC++ Str-3}
rCorr  .         Harm     .     g - +2 pair of gloves {Str+3}
MR     +....     Clarity  +     (boots unavailable)
Stlth  ++........               S - amulet "Yphiomp" {Gourm rN++ Str+5 Dex-4}
                                h - ring "Enuolol" {+Fly Int+3 Dex+2 SInv Stlth+}
                                L - +5 ring of evasion

@: heroism, finesse, marked, sanguine armour, glowing, silenced, repel missiles
A: hooves 3, camouflage 1, clarity, demonic guardian 1, dopey 1, fire resistance
1, sense surroundings 1, robust 1, screaming 1, spiny 2, wild magic 1, sanguine
armour 3
a: Renounce Religion, Evoke Flight
}: 2/15 runes: decaying, serpentine


You were on level 4 of the Vaults.
You worshipped Okawaru.
Okawaru was exalted by your worship.
You were completely stuffed.

You visited 7 branches of the dungeon, and saw 36 of its levels.
You also visited: Bailey.

You collected 4402 gold pieces.
You spent 3010 gold pieces at shops.

Inventory:

Hand Weapons
 c - a +1 hunting sling of velocity
 f - a +4 triple crossbow
 p - a +5 arbalest of freezing
 r - the +1 quarterstaff "Etohif" {antimagic, rElec}
   (Okawaru gifted it to you on level 12 of the Dungeon)

   It reduces the magical energy of the wielder, and disrupts the spells and
   magical abilities of those hit.
   Natural abilities and divine invocations are not affected.
   It insulates you from electricity.
 w - a +7 lajatang of speed
 x - a +5 quarterstaff of draining
 F - the +6 quarterstaff of Evil (weapon) {crush, rElec rC++ Dex-4 SInv}
   (Okawaru gifted it to you on level 4 of the Vaults)

   It inflicts extra damage upon your enemies.
   It affects your dexterity (-4).
   It greatly protects you from cold.
   It insulates you from electricity.
   It lets you see invisible.
Missiles
 s - 657 bolts
 J - 90 sling bullets
Armour
 e - the +2 cloak of the Poles (worn) {rPois rC++ Str-3}
   (You bought it in a shop on level 12 of the Dungeon)

   It affects your strength (-3).
   It greatly protects you from cold.
   It protects you from poison.
 g - a +2 pair of gloves of strength (worn)
 k - the +3 hat of Gluttony (worn) {*Drain rPois MP+9 Slay+5}
   (You acquired it on level 9 of the Dungeon)

   It affects your accuracy and damage with ranged weapons and melee attacks
   (+5).
   It protects you from poison.
   It affects your magic capacity (+9).
   It causes draining when unequipped.
 n - the +0 cloak "Manounge" {rC+ rCorr Str-2 Dex+4}
   (You acquired it on level 9 of the Dungeon)

   It affects your strength (-2).
   It affects your dexterity (+4).
   It protects you from cold.
   It protects you from acid and corrosion.
 D - the +5 ring mail "Kenn" (worn) {*Slow rC+ Dex+6}
   (You found it on level 7 of the Dungeon)

   It affects your dexterity (+6).
   It protects you from cold.
   It may slow you when you take damage.
Jewellery
 h - the ring "Enuolol" (right hand) {+Fly Int+3 Dex+2 SInv Stlth+}
   (You bought it in a shop on level 2 of the Orcish Mines)

   [ring of dexterity]

   It affects your intelligence (+3).
   It affects your dexterity (+2).
   It lets you see invisible.
   It lets you fly.
   It makes you more stealthy.
 j - an uncursed ring of positive energy
 u - a +3 ring of dexterity {unknown}
 L - a +5 ring of evasion (left hand)
 S - the amulet "Yphiomp" (around neck) {Gourm rN++ Str+5 Dex-4}
   (You found it on level 2 of the Snake Pit)

   [amulet of the gourmand]

   It allows you to eat raw meat even when not hungry.
   It affects your strength (+5).
   It affects your dexterity (-4).
   It greatly protects you from negative energy.
Wands
 E - a wand of random effects (4/48)
Scrolls
 b - 3 scrolls of identify
 d - 5 scrolls of magic mapping
 l - 3 scrolls of fear
 y - 11 scrolls of teleportation
 O - 8 scrolls of remove curse
 R - 4 scrolls of fog
 W - 2 scrolls of blinking
Potions
 a - 7 potions of heal wounds
 i - 2 potions of brilliance
 m - a potion of flight
 o - 5 potions of resistance
 q - 6 potions of haste
 t - a potion of cure mutation
 B - 14 potions of curing
 H - 5 potions of agility
 Z - a potion of berserk rage
Miscellaneous
 z - a phantom mirror
 I - a fan of gales
Comestibles
 v - 45 chunks of flesh
 A - a slice of pizza
 C - 2 beef jerkies
 G - 5 bread rations
 P - 5 meat rations
 T - 31 fruits


   Skills:
 * Level 16.5(21.5) Fighting
 - Level 16.7(21.7) Staves
 + Level 11.1(16.1) Crossbows
 - Level 1.7(6.7) Throwing
 - Level 14.0(19.0) Armour
 - Level 14.0(19.0) Dodging
 - Level 4.5 Spellcasting
 - Level 8.4 Charms
 - Level 4.4 Translocations
 - Level 8.0 Air Magic
 - Level 11.0 Invocations


You had 16 spell levels left.
You knew the following spells:

 Your Spells              Type           Power        Failure   Level  Hunger
a - Blink                 Tloc           N/A          10%         2    ##.....
e - Shroud of Golubria    Chrm/Tloc      ####......   4%          2    ##.....
q - Regeneration          Chrm/Necr      ###.......   21%         3    ###....
r - Repel Missiles        Chrm/Air       #####.       2%          2    ##.....
s - Infusion              Chrm           ####         1%          1    None
z - Song of Slaying       Chrm           #####...     1%          2    ##.....


Dungeon Overview and Level Annotations

Branches:
Dungeon (15/15)            Temple (1/1) D:4            Lair (6/6) D:9
  Swamp (4/4) Lair:3        Snake (4/4) Lair:3        Slime (0/5) Lair:6
    Orc (2/2) D:12            Elf (0/3) Orc:2        Vaults (4/5) D:13
  Crypt (0/3) Vaults:2     Depths (0/5) D:15

Altars:
Dithmenos
Fedhas
Hepliaklqana
Kikubaaqudgha
Okawaru
Ru
Sif Muna
The Shining One
Beogh

Shops:
D:6 ?   D:8 [   D:10 :   D:12 [   D:13 %}(}   D:14 }   D:15 %   Orc:2 [*=((
Snake:3 =}=   Snake:4 ![

Portals:
Trove: D:14 (give 10 potions of heal wounds)

Annotations:
Vaults:4 Mennas


Innate Abilities, Weirdness & Mutations

You have hooves in place of feet.
A weak demonic guardian rushes to your aid.
You are robust. (+10% HP)
You are mostly covered in sharp spines.
When seriously injured, your bleeding wounds create very thick armour. (AC +12)
Your skin changes colour to match your surroundings (Stealth+).
You possess an exceptional clarity of mind.
You are dopey. (Int -2)
Your flesh is heat resistant. (rF+)
You passively map a small area around you.
You occasionally shout uncontrollably at your foes.
Your spells are a little harder to cast, but a little more powerful.


Message History

Mennas is moderately wounded.
Mennas is struck by your spines. Mennas completely misses you.
Mennas hits you with a trishula of holy wrath!
* * * LOW HITPOINT WARNING * * *
You convulse!
* * * LOW HITPOINT WARNING * * *
You closely miss Mennas. Your kick misses Mennas.
Mennas is moderately wounded.
Unknown command.
You swap places.
Mennas hits you from afar with a trishula of holy wrath.
* * * LOW HITPOINT WARNING * * *
You convulse!
* * * LOW HITPOINT WARNING * * *
Mennas hits you from afar with a trishula of holy wrath!
* * * LOW HITPOINT WARNING * * *
You convulse.
* * * LOW HITPOINT WARNING * * *
Mennas hits you from afar with a trishula of holy wrath!!
You die...

#'##.#.' , ##
#... #....#.#,
..# ####
####'#)# *#'#
#... #....).#,
... #..[
###'######'####
#...
#......#......#
#...
######.#.#*####
#...
#....#(#.#....#
#...
####)(.#@'.#
#...
#..'[#A55#.# ,
#...
##.#.#(#.+.#
*... #######+#
#* *... * , *
*### , ,, # *
,, # , , , , ,
# , , #


You could see Mennas, a friendly quasit and a friendly white imp.

Vanquished Creatures
  Vashnia (Snake:2)
  Saint Roka (Orc:2)
  Nikola (Vaults:1)
  Rupert (Lair:4)
  2 sphinxes
  Kirke (Lair:5)
  A storm dragon (D:12)
  Roxanne (Swamp:2)
  2 fire giants
  2 frost giants
  A deep elf sorcerer (Vaults:4)
  7 nagarajas (Snake:4)
  Aizul (Snake:2)
  An iron dragon (D:13)
  6 vault wardens
  Louise (Swamp:3)
  The ghost of Cenon the Unseen, an adept SpEn of Dithmenos (Snake:3)
  6 very ugly things
  15 ironheart preservers
  6 stone giants
  An entropy weaver (Vaults:4)
  Nessos (Lair:4)
  2 ettins
  13 ogre magi
  Snorg (Lair:6)
  Josephine (Lair:5)
  3 great orbs of eyes
  The ghost of Philosophy the Markscentaur, a journeyman CeHu of the Shining One (Lair:2)
  Fannar (D:12)
  6 vault guards
  5 yaktaur captains
  Harold (Lair:2)
  4 ice dragons
  25 hydras
  14 naga warriors
  5 anacondas
  2 catoblepae (Lair:6)
  7 centaur warriors
  A ghost crab (Swamp:3)
  9 alligators
  2 death knights (Vaults:2)
  2 deep troll shamans
  An orc high priest (Orc:2)
  2 tengu warriors
  12 death yaks (Lair:6)
  3 deep troll earth magi
  2 spriggan berserkers (Swamp:4)
  25 naga sharpshooters
  6 shock serpents
  6 spriggans
  Nergalle (Lair:4)
  2 deep elf knights (Vaults:4)
  7 salamander mystics
  2 shadow wraiths
  4 shambling mangroves
  2 unseen horrors (shapeshifter)
  2 spriggan druids
  4 wizards
  A flayed ghost (Vaults:2)
  5 unseen horrors
  4 deep elf archers
  9 hill giants
  16 deep trolls
  A lindwurm (Lair:6)
  13 orc knights
  16 swamp dragons
  4 naga ritualists
  10 ironbrand convokers
  2 manticores (D:12)
  2 wolf spiders
  28 salamanders
  7 mana vipers
  37 ugly things
  10 cyclopes
  5 orc sorcerers
  7 deep elf magi
  5 elephants
  27 naga magi
  6 guardian serpents
  10 vault sentinels
  A centaur zombie (D:15)
  28 black mambas
  A molten gargoyle (D:13)
  Joseph (D:7)
  A gargoyle (D:12)
  15 spiny frogs
  6 freezing wraiths
  2 kobold demonologists
  2 rime drakes
  20 yaktaurs
  2 tengu conjurers
  7 komodo dragons
  4 trolls
  A meliai (shapeshifter) (Vaults:2)
  A merfolk (shapeshifter) (Vaults:1)
  4 polar bears (Lair:6)
  21 two-headed ogres
  11 tyrant leeches
  19 hornets
  A wind drake (shapeshifter) (Vaults:1)
  Grinder (D:6)
  8 slime creatures
  A meliai zombie (D:15)
  29 blink frogs
  14 bog bodies
  10 hippogriffs
  A shadow (Swamp:4)
  A redback (Vaults:4)
  4 wyverns
  8 wraiths
  A yak (shapeshifter) (D:15)
  Grum (D:8)
  63 yaks
  A golden eye (shapeshifter) (Vaults:2)
  3 hogs (Lair:5)
  2 basilisks
  2 steam dragons
  2 hungry ghosts
  14 vampire mosquitoes
  4 mottled dragons
  A yaktaur simulacrum (Vaults:3)
  15 swamp worms
  76 nagas
  9 insubstantial wisps
  4 wargs
  3 porcupines
  17 water moccasins
  3 soldier ants
  A sky beast (shapeshifter) (Vaults:3)
  5 ice beasts
  17 swamp drakes
  2 sky beasts (D:8)
  A black bear (shapeshifter) (Vaults:4)
  2 eyes of draining
  A black bear (Lair:6)
  56 orc warriors
  21 wolves
  51 ogres
  3 phantoms
  2 necrophages
  17 centaurs
  14 crocodiles
  A big kobold (shapeshifter) (Vaults:1)
  2 big kobolds
  15 bullfrogs
  A gnoll sergeant (D:15)
  A water moccasin zombie (D:6)
  5 scorpions
  8 killer bees
  20 wights
  7 howler monkeys
  8 crimson imps
  3 lava snakes (D:13)
  2 jellies
  26 orc priests
  8 centaur skeletons
  11 hounds
  32 orc wizards
  Crazy Yiuf (D:2)
  2 bullfrog skeletons
  6 iguanas
  Jessica (D:2)
  Natasha (D:4)
  10 worker ants
  A hound zombie (D:6)
  3 hound skeletons
  A worker ant zombie (D:11)
  Robin (D:2)
  9 gnolls
  A howler monkey skeleton (D:6)
  2 river rats (D:4)
  22 adders
  A shadow imp (D:11)
  4 adder zombies
  An adder skeleton (D:9)
  4 worms
  5 dart slugs
  6 leopard geckos
  118 orcs
  2 ball pythons
  4 giant cockroaches
  29 goblins
  14 hobgoblins
  6 jackals
  24 kobolds
  12 quokkas
  5 bats
  8 frilled lizards
  2 jackal skeletons
  A leopard gecko zombie (D:5)
  A quokka skeleton (D:6)
  18 rats
1586 creatures vanquished.

Vanquished Creatures (collateral kills)
  A vault guard (Vaults:1)
  A fire crab (shapeshifter) (Lair:1)
  2 ugly things (D:14)
  A black mamba (Snake:2)
  A spiny frog (Lair:3)
  A rime drake (shapeshifter) (Lair:1)
  2 blink frogs
  A yak (Lair:1)
  2 nagas (Snake:4)
  4 ogres
  2 centaurs
  2 bullfrogs
  A lava snake (D:13)
  A crimson imp (D:13)
  A jelly (D:6)
  2 orc wizards
  A leopard gecko (D:8)
  4 orcs
  A quokka (D:9)
31 creatures vanquished.

Vanquished Creatures (others)
  An ironbrand convoker (Vaults:3)
  A manticore (D:12)
  A human (Lair:5)
  Blork the orc (Orc:2)
  An orc wizard (Orc:2)
  A bush (Lair:5)
  5 fungi
  3 plants
14 creatures vanquished.

Grand Total: 1631 creatures vanquished

Notes
Turn   | Place    | Note
-------+----------+-------------------------------------------
     0 | D:1      | varam the Demonspawn Gladiator began the quest for the Orb.
     0 | D:1      | Reached XP level 1. HP: 16/16 MP: 1/1
    27 | D:2      | Noticed Jessica
    38 | D:2      | Killed Jessica
    38 | D:2      | Reached skill level 3 in Staves
    38 | D:2      | Gained mutation: When seriously injured, your bleeding wounds create armour. (AC +12) [demonic ancestry]
    38 | D:2      | Reached XP level 2. HP: 13/22 MP: 2/2
   291 | D:1      | Gained mutation: You have large cloven feet. [demonic ancestry]
   291 | D:1      | Reached XP level 3. HP: 27/27 MP: 3/3
   534 | D:1      | Reached skill level 4 in Staves
  1066 | D:1      | Gained mutation: A weak demonic guardian rushes to your aid. [demonic ancestry]
  1066 | D:1      | Reached XP level 4. HP: 28/33 MP: 4/4
  1262 | D:2      | Noticed Robin
  1285 | D:2      | Killed Robin
  1291 | D:2      | Reached skill level 5 in Staves
  1447 | D:2      | Found a faded altar of an unknown god.
  1556 | D:2      | Learned a level 2 spell: Blink
  1663 | D:2      | Reached XP level 5. HP: 24/38 MP: 5/5
  1986 | D:2      | Reached skill level 1 in Translocations
  2025 | D:2      | Found a runed door.
  2307 | D:3      | Reached skill level 2 in Translocations
  2962 | D:3      | Reached XP level 6. HP: 31/44 MP: 6/6
  3359 | D:3      | Reached skill level 6 in Staves
  3444 | D:4      | HP: 1/44 [orc priest/divine providence (10)]
  3937 | D:4      | Reached skill level 3 in Translocations
  3951 | D:4      | Noticed Natasha
  3960 | D:4      | Killed Natasha
  4150 | D:2      | Reached skill level 3 in Dodging
  4160 | D:2      | Reached XP level 7. HP: 48/50 MP: 7/7
  4291 | D:2      | Noticed Crazy Yiuf
  4299 | D:2      | Killed Crazy Yiuf
  4620 | D:4      | Found a staircase to the Ecumenical Temple.
  4668 | Temple   | Entered the Ecumenical Temple
  5012 | D:4      | Reached skill level 4 in Dodging
  5271 | D:4      | Reached skill level 7 in Staves
  5486 | D:4      | Got a jewelled helmet
  5505 | D:4      | Identified the +2 helmet "Dokanijy" {rF++ MR+} (You found it on level 4 of the Dungeon)
  5642 | D:5      | Entered Level 5 of the Dungeon
  5993 | D:5      | Found a sacrificial altar of Ru.
  6023 | D:5      | Reached XP level 8. HP: 47/56 MP: 8/8
  6345 | D:5      | Reached skill level 5 in Dodging
  6354 | D:5      | HP: 5/56 [poisoned by a water moccasin]
  6360 | D:5      | HP: 3/56 [poisoned by a water moccasin]
  6368 | D:5      | HP: 3/56 [poisoned by a water moccasin]
  6376 | D:5      | HP: 2/56 [poisoned by a water moccasin]
  7479 | Temple   | Became a worshipper of Warmaster Okawaru
  7618 | D:6      | Noticed Grinder
  7645 | D:5      | Reached skill level 8 in Staves
  8090 | D:7      | Got a jewelled ring mail
  8101 | D:7      | Identified the +5 ring mail "Kenn" {*Slow rC+ Dex+6} (You found it on level 7 of the Dungeon)
  8174 | D:7      | Noticed Joseph
  8205 | D:7      | Killed Joseph
  8205 | D:7      | Reached * piety under Okawaru
  8205 | D:7      | Reached skill level 3 in Fighting
  8205 | D:7      | Reached skill level 6 in Dodging
  8356 | D:7      | Reached XP level 9. HP: 55/64 MP: 9/9
  8689 | D:8      | Noticed Grum
  8724 | D:8      | Killed Grum
  8724 | D:8      | Reached skill level 9 in Staves
  9279 | D:6      | Killed Grinder
  9279 | D:6      | Reached ** piety under Okawaru
  9279 | D:6      | Reached skill level 4 in Fighting
  9424 | D:6      | Found Oqosy's Magic Scroll Emporium.
  9433 | D:6      | Bought a scroll of teleportation for 42 gold pieces
  9433 | D:6      | Bought a scroll of remove curse for 42 gold pieces
  9433 | D:6      | Bought a scroll of fog for 28 gold pieces
  9433 | D:6      | Bought a scroll of enchant weapon for 105 gold pieces
  9513 | D:6      | Found a deep blue altar of Sif Muna.
  9893 | D:8      | Reached skill level 5 in Fighting
  9893 | D:8      | Reached skill level 10 in Staves
  9980 | D:8      | Found Foesulet's Armour Shop.
 10023 | D:8      | Reached *** piety under Okawaru
 10131 | D:8      | Gained mutation: You are partially covered in sharp spines. [demonic ancestry]
 10131 | D:8      | Reached XP level 10. HP: 74/74 MP: 10/10
 10321 | D:8      | Gained mutation: Armour fits poorly on your strangely shaped body. [mutagenic meat]
 10322 | D:8      | Gained mutation: Your muscles are strong. (Str +2) [mutagenic meat]
 10323 | D:8      | Gained mutation: You possess an exceptional clarity of mind. [mutagenic meat]
 10325 | D:8      | Gained mutation: Scrolls take you a little longer to read. [mutagenic meat]
 10326 | D:8      | Gained mutation: Your mind is acute. (Int +2) [mutagenic meat]
 10717 | D:9      | Reached skill level 6 in Fighting
 10724 | D:9      | Reached skill level 11 in Staves
 11022 | D:9      | Reached **** piety under Okawaru
 11022 | D:9      | Reached skill level 1 in Invocations
 11071 | D:9      | Found a staircase to the Lair.
 11113 | D:9      | Reached skill level 2 in Invocations
 11122 | D:9      | Reached skill level 3 in Invocations
 11682 | D:10     | Entered Level 10 of the Dungeon
 11683 | D:10     | Received a gift from Okawaru
 11975 | D:10     | Noticed a hill giant
 12002 | D:10     | Killed a hill giant
 12002 | D:10     | Reached skill level 12 in Staves
 12002 | D:10     | Reached skill level 4 in Invocations
 12054 | D:10     | Reached skill level 5 in Invocations
 12173 | D:10     | Found Enef's Book Emporium.
 12238 | D:10     | Reached ***** piety under Okawaru
 12349 | D:11     | Noticed a cyclops
 12644 | D:11     | Received a gift from Okawaru
 12644 | D:11     | Gained mutation: You have hoof-like feet. [demonic ancestry]
 12644 | D:11     | Reached XP level 11. HP: 80/82 MP: 13/15
 12882 | D:11     | Learned a level 2 spell: Repel Missiles
 13527 | D:12     | Reached skill level 6 in Invocations
 13767 | D:12     | Found a shadowy altar of Dithmenos.
 13781 | D:12     | Received a gift from Okawaru
 13852 | D:12     | Noticed a hill giant
 13862 | D:12     | Killed a hill giant
 13862 | D:12     | Reached skill level 13 in Staves
 14205 | Lair:1   | Entered Level 1 of the Lair of Beasts
 14781 | Lair:1   | Reached skill level 1 in Armour
 14804 | Lair:1   | Noticed a fire crab
 14804 | Lair:1   | a yak changed into a fire crab
 14810 | Lair:1   | a fire crab changed into a polar bear
 14819 | Lair:1   | Noticed an orb spider
 15216 | Lair:2   | Reached skill level 2 in Armour
 15408 | Lair:1   | Got a twisted leather armour
 15419 | Lair:1   | Identified the +3 leather armour "Xytem" {+Blink Int+3} (You found it on level 1 of the Lair of Beasts)
 15580 | Lair:1   | Noticed a fire crab
 15580 | Lair:1   | a black mamba changed into a fire crab
 15583 | Lair:1   | Killed a fire crab
 15587 | Lair:1   | Gained mutation: Your system is resistant to poisons. (rPois) [mutagenic meat]
 15588 | Lair:1   | Gained mutation: Scrolls take you longer to read. [mutagenic meat]
 15703 | Lair:1   | Gained mutation: You occasionally shout uncontrollably at your foes. [mutagenic meat]
 15725 | Lair:1   | Reached skill level 3 in Armour
 15736 | Lair:1   | Received a gift from Okawaru
 16432 | Lair:2   | Reached skill level 14 in Staves
 16456 | Lair:2   | Noticed Philosophy's ghost (journeyman CeHu)
 16481 | Lair:2   | Killed Philosophy's ghost
 16481 | Lair:2   | Reached skill level 7 in Fighting
 16481 | Lair:2   | Gained mutation: You have hooves in place of feet. [demonic ancestry]
 16481 | Lair:2   | Reached XP level 12. HP: 53/91 MP: 16/16
 16764 | D:10     | Bought a book of Battle for 560 gold pieces
 16767 | D:10     | Learned a level 2 spell: Shroud of Golubria
 16770 | D:10     | Learned a level 2 spell: Song of Slaying
 16772 | D:10     | Learned a level 1 spell: Infusion
 16910 | Lair:2   | Reached skill level 7 in Dodging
 16980 | Lair:2   | Reached skill level 4 in Armour
 16989 | Lair:2   | Noticed a six-headed hydra
 17002 | Lair:2   | Killed a six-headed hydra
 17002 | Lair:2   | Reached skill level 1 in Charms
 17068 | Lair:2   | Noticed Harold
 17106 | Lair:2   | Killed Harold
 17157 | Lair:2   | Reached skill level 2 in Charms
 17659 | Lair:3   | Found a staircase to the Snake Pit.
 17662 | Lair:3   | Noticed a five-headed hydra
 17686 | Lair:4   | Noticed Rupert
 17945 | D:11     | Reached skill level 8 in Fighting
 17945 | D:11     | Reached skill level 5 in Armour
 18217 | D:12     | Reached skill level 8 in Dodging
 18267 | D:12     | Received a gift from Okawaru
 18288 | D:12     | Got a slimy quarterstaff {god gift}
 18378 | D:11     | Identified the +1 quarterstaff "Etohif" {antimagic, rElec} (Okawaru gifted it to you on level 12 of the Dungeon)
 18560 | D:12     | Noticed a green very ugly thing
 18831 | D:12     | Reached skill level 6 in Armour
 18889 | D:12     | Found Fawyac's Antique Armour Emporium.
 19019 | D:12     | Noticed Fannar
 19050 | D:12     | Killed Fannar
 19050 | D:12     | Reached skill level 9 in Fighting
 19116 | D:12     | Found a staircase to the Orcish Mines.
 19199 | D:12     | Noticed a fire giant
 19204 | D:12     | Noticed a storm dragon
 20145 | Lair:3   | Killed a five-headed hydra
 20145 | Lair:3   | Gained mutation: When seriously injured, your bleeding wounds create thick armour. (AC +12) [demonic ancestry]
 20145 | Lair:3   | Reached XP level 13. HP: 101/101 MP: 15/17
 20179 | Lair:3   | Found a staircase to the Swamp.
 20765 | Lair:4   | Noticed Nessos
 21410 | Lair:4   | Killed Nessos
 21410 | Lair:4   | Received a gift from Okawaru
 21410 | Lair:4   | Reached skill level 9 in Dodging
 21604 | Lair:5   | Noticed Kirke
 21919 | Lair:4   | Reached skill level 7 in Armour
 22065 | Lair:4   | Reached skill level 10 in Fighting
 22082 | Lair:4   | Noticed Nergalle
 22150 | Lair:6   | Entered Level 6 of the Lair of Beasts
 22153 | Lair:6   | Identified 3 scrolls of acquirement
 22317 | D:9      | Got a warped hat
 22319 | D:9      | Got a spiked cloak
 22330 | D:9      | Identified the +0 cloak "Manounge" {rC+ rCorr Str-2 Dex+4} (You acquired it on level 9 of the Dungeon)
 22340 | D:9      | Identified the +3 hat of Gluttony {*Drain rPois MP+9 Slay+5} (You acquired it on level 9 of the Dungeon)
 22429 | Lair:3   | Reached skill level 1 in Air Magic
 22544 | Lair:4   | Paralysed by Rupert for 3 turns
 22557 | Lair:4   | Killed Rupert
 22557 | Lair:4   | Reached skill level 3 in Charms
 22557 | Lair:4   | Reached skill level 2 in Air Magic
 22562 | Lair:4   | Killed Nergalle
 23022 | Lair:5   | Killed Kirke
 23022 | Lair:5   | Reached skill level 8 in Armour
 23299 | Lair:5   | Reached skill level 3 in Air Magic
 23304 | Lair:5   | Received a gift from Okawaru
 23314 | Lair:5   | Reached skill level 10 in Dodging
 23359 | Lair:5   | Noticed Josephine
 23374 | Lair:5   | Killed Josephine
 23374 | Lair:5   | Reached skill level 4 in Charms
 23618 | Lair:6   | Reached skill level 7 in Invocations
 23618 | Lair:6   | Gained mutation: When seriously injured, your bleeding wounds create very thick armour. (AC +12) [demonic ancestry]
 23618 | Lair:6   | Reached XP level 14. HP: 95/110 MP: 19/19
 23643 | Lair:6   | Received a gift from Okawaru
 23643 | Lair:6   | Reached skill level 9 in Armour
 23657 | Lair:6   | Reached skill level 8 in Invocations
 23752 | Lair:6   | Reached ****** piety under Okawaru
 23907 | Lair:6   | Reached skill level 9 in Invocations
 24274 | Lair:6   | Received a gift from Okawaru
 24320 | Lair:6   | Reached skill level 10 in Invocations
 24327 | Lair:6   | Reached skill level 10 in Armour
 24332 | Lair:6   | Received a gift from Okawaru
 24459 | Lair:6   | Reached skill level 11 in Invocations
 24637 | Lair:6   | Noticed Snorg
 24647 | Lair:6   | Killed Snorg
 24671 | Lair:6   | Found a staircase to the Slime Pits.
 24739 | Lair:6   | Reached skill level 1 in Spellcasting
 24886 | Lair:6   | Reached skill level 2 in Spellcasting
 24904 | Lair:6   | Got a polished war axe
 24905 | Lair:6   | Identified the +10 war axe "Evab" {chop, rC+} (You found it on level 6 of the Lair of Beasts)
 25404 | D:9      | Learned a level 3 spell: Regeneration
 25503 | D:11     | Reached skill level 4 in Air Magic
 25568 | Orc:1    | Entered Level 1 of the Orcish Mines
 25662 | Orc:1    | Received a gift from Okawaru
 26114 | Orc:2    | Entered Level 2 of the Orcish Mines
 26504 | Orc:2    | Reached skill level 3 in Spellcasting
 26564 | Orc:2    | Noticed Blork the orc
 26564 | Orc:2    | Reached XP level 15. HP: 79/115 MP: 17/23
 26573 | Orc:2    | Noticed Saint Roka
 26790 | Orc:2    | Found a roughly hewn altar of Beogh.
 27037 | Orc:2    | Killed Saint Roka
 27037 | Orc:2    | Received a gift from Okawaru
 27037 | Orc:2    | Reached skill level 5 in Charms
 27037 | Orc:2    | Reached skill level 4 in Translocations
 27606 | Orc:2    | Found a staircase to the Elven Halls.
 27660 | Orc:2    | Reached skill level 4 in Spellcasting
 27673 | Orc:2    | Killed Blork the orc
 27678 | Orc:2    | Found Kaitosm's Jewellery Boutique.
 27706 | Orc:2    | Found Daqiatiz's Antique Weapon Boutique.
 27728 | Orc:2    | Found Qiasytza's Antique Weapon Emporium.
 27878 | Orc:2    | Found Puas's Antique Armour Boutique.
 27893 | Orc:2    | Found Yroz's General Store.
 27905 | Orc:2    | Bought a scroll of enchant weapon for 105 gold pieces
 28377 | Orc:2    | Bought a scroll of acquirement for 728 gold pieces
 28408 | Orc:2    | Bought the ring "Enuolol" {+Fly Int+3 Dex+2 SInv Stlth+} for 448 gold pieces
 28698 | D:12     | Killed a fire giant
 28698 | D:12     | Received a gift from Okawaru
 28997 | D:13     | Found Pashrusu's Antique Weapon Boutique.
 29038 | D:13     | Reached skill level 11 in Dodging
 29067 | D:13     | Noticed an iron dragon
 29079 | D:13     | Killed an iron dragon
 29166 | D:13     | Found Kiwoyvosk's Gadget Shoppe.
 29245 | D:13     | Found Ypeom's Food Shop.
 29313 | D:13     | Found a gate to the Vaults.
 29351 | D:13     | Reached skill level 12 in Dodging
 29556 | D:13     | Found Oclyess's Gadget Shoppe.
 30025 | D:12     | Killed a storm dragon
 30143 | D:12     | Identified the Reference Book on Toxins and Flames
 30217 | D:14     | Found Eroinu Buena's Gadget Boutique.
 30237 | D:14     | Received a gift from Okawaru
 30237 | D:14     | Reached skill level 13 in Dodging
 30257 | D:14     | Found a flagged portal.
 30283 | Bailey   | Entered a bailey
 30335 | Bailey   | Found a bloodstained altar of Trog.
 30674 | D:14     | Gained mutation: You are mostly covered in sharp spines. [demonic ancestry]
 30674 | D:14     | Reached XP level 16. HP: 122/122 MP: 24/24
 30724 | D:14     | Found a shadowy altar of Dithmenos.
 30845 | D:14     | Gained mutation: Your mind is very acute. (Int +4) [mutagenic meat]
 30846 | D:14     | Lost mutation: Armour fits poorly on your strangely shaped body. [mutagenic meat]
 30849 | D:14     | Gained mutation: Scrolls take you much longer to read. [mutagenic meat]
 30853 | D:14     | Lost mutation: Your mind is very acute. (Int +4) [mutagenic meat]
 30854 | D:14     | Gained mutation: You expend magic power (3 MP) to strengthen your wands. [mutagenic meat]
 30927 | D:14     | Found a portal to a secret trove of treasure.
 31073 | D:14     | Gained mutation: You are resistant to hostile enchantments. (MR+) [mutagenic meat]
 31074 | D:14     | Lost mutation: You occasionally shout uncontrollably at your foes. [mutagenic meat]
 31075 | D:14     | Lost mutation: Your muscles are strong. (Str +2) [mutagenic meat]
 31076 | D:14     | Gained mutation: Your natural rate of healing is unusually fast. [mutagenic meat]
 31197 | D:15     | Entered Level 15 of the Dungeon
 31197 | D:15     | Found Moqadeoq's Food Shoppe.
 31211 | D:15     | Reached skill level 14 in Dodging
 31298 | D:15     | Reached skill level 11 in Armour
 31594 | D:15     | Found a glowing golden altar of the Shining One.
 31612 | D:15     | Found a staircase to the Depths.
 31631 | D:15     | Received a gift from Okawaru
 32200 | Swamp:1  | Entered Level 1 of the Swamp
 32552 | Swamp:1  | Reached skill level 12 in Armour
 33166 | Swamp:2  | Noticed Roxanne
 33441 | Swamp:2  | Killed Roxanne
 33441 | Swamp:2  | Reached skill level 13 in Armour
 33442 | Swamp:2  | Identified Roxanne's Compendium of Changing (You took it off Roxanne on level 2 of the Swamp)
 33665 | Swamp:2  | Received a gift from Okawaru
 33715 | Swamp:3  | Noticed Louise
 33729 | Swamp:3  | Killed Louise
 34279 | Swamp:4  | Entered Level 4 of the Swamp
 34594 | Swamp:4  | Reached skill level 14 in Armour
 34747 | Swamp:4  | Received a gift from Okawaru
 34966 | Swamp:4  | Gained mutation: You are robust. (+10% HP) [demonic ancestry]
 34966 | Swamp:4  | Reached XP level 17. HP: 124/141 MP: 25/25
 35172 | Swamp:4  | Reached skill level 11 in Fighting
 35343 | Swamp:4  | Reached skill level 12 in Fighting
 35446 | Swamp:4  | Got a decaying rune of Zot
 36004 | Snake:1  | Entered Level 1 of the Snake Pit
 36021 | Snake:1  | Received a gift from Okawaru
 36080 | Snake:2  | Got a crude ruby amulet
 36090 | Snake:1  | Identified the amulet "Yphiomp" {Gourm rN++ Str+5 Dex-4} (You found it on level 2 of the Snake Pit)
 36266 | Snake:1  | Reached skill level 13 in Fighting
 36542 | Snake:1  | Received a gift from Okawaru
 36551 | Snake:1  | Got a crude quick blade {god gift}
 36554 | Snake:1  | Identified the +4 quick blade of Uncomfortable Rashes {drain, +Rage rPois Stlth+} (Okawaru gifted it to you on level 1 of the Snake Pit)
 36776 | Snake:1  | Reached skill level 5 in Air Magic
 37123 | Snake:1  | Lost mutation: You are resistant to hostile enchantments. (MR+) [mutagenic meat]
 37124 | Snake:1  | Gained mutation: You are occasionally teleported next to monsters. [mutagenic meat]
 37125 | Snake:1  | Lost mutation: Scrolls take you much longer to read. [mutagenic meat]
 37127 | Snake:1  | Gained mutation: You are very robust. (+20% HP) [mutagenic meat]
 37178 | Snake:2  | Noticed Aizul
 37202 | Snake:2  | Killed Aizul
 37234 | Snake:2  | Received a gift from Okawaru
 37234 | Snake:2  | Reached skill level 6 in Charms
 37261 | Snake:2  | Reached skill level 6 in Air Magic
 37526 | Snake:2  | Noticed Vashnia
 37544 | Snake:2  | Killed Vashnia
 37544 | Snake:2  | Received a gift from Okawaru
 37544 | Snake:2  | Reached skill level 14 in Fighting
 37853 | Snake:3  | Reached XP level 18. HP: 175/175 MP: 26/26
 37931 | Snake:3  | Reached skill level 7 in Charms
 37999 | Snake:3  | Reached skill level 7 in Air Magic
 38007 | Snake:3  | Noticed Cenon's ghost (adept SpEn)
 38033 | Snake:3  | Killed Cenon's ghost
 38300 | Snake:3  | Gained mutation: Your muscles are strong. (Str +2) [mutagenic meat]
 38301 | Snake:3  | Gained mutation: Your spells are a little easier to cast, but a little less powerful. [mutagenic meat]
 38302 | Snake:3  | Lost mutation: Your spells are a little easier to cast, but a little less powerful. [mutagenic meat]
 38303 | Snake:3  | Gained mutation: You have a pair of small antennae on your head. [mutagenic meat]
 38304 | Snake:3  | Gained mutation: Your flesh is cold resistant. (rC+) [mutagenic meat]
 38898 | Snake:3  | Found Ethraenk's Jewellery Shop.
 38899 | Snake:3  | Found Zoplil's Gadget Emporium.
 38901 | Snake:3  | Found Qerisim's Jewellery Shop.
 39138 | Snake:4  | Entered Level 4 of the Snake Pit
 39176 | Snake:4  | Reached skill level 8 in Charms
 39203 | Snake:4  | Lost mutation: Your flesh is cold resistant. (rC+) [mutagenic meat]
 39205 | Snake:4  | Gained mutation: Scrolls take you much longer to read. [mutagenic meat]
 39229 | Snake:4  | Found Rewet's Distillery.
 39274 | Snake:4  | Bought a potion of mutation for 32 gold pieces
 39274 | Snake:4  | Bought 2 potions of mutation for 65 gold pieces
 39284 | Snake:4  | Gained mutation: Your flesh is heat resistant. (rF+) [potion of mutation]
 39285 | Snake:4  | Gained mutation: You can translocate small distances at will. [potion of mutation]
 39285 | Snake:4  | Lost mutation: Your muscles are strong. (Str +2) [potion of mutation]
 39286 | Snake:4  | Lost mutation: You are occasionally teleported next to monsters. [potion of mutation]
 39286 | Snake:4  | Gained mutation: You are clumsy. (Dex -2) [potion of mutation]
 39298 | Snake:4  | Bought a potion of degeneration for 13 gold pieces
 39298 | Snake:4  | Bought 2 potions of curing for 78 gold pieces
 39298 | Snake:4  | Bought a potion of heal wounds for 65 gold pieces
 39298 | Snake:4  | Bought 2 potions of haste for 260 gold pieces
 39298 | Snake:4  | Bought a potion of curing for 39 gold pieces
 39298 | Snake:4  | Bought a potion of curing for 39 gold pieces
 39421 | Snake:4  | Reached skill level 8 in Air Magic
 39454 | Snake:4  | Received a gift from Okawaru
 39479 | Snake:4  | Lost mutation: Your natural rate of healing is unusually fast. [mutagenic meat]
 39481 | Snake:4  | Lost mutation: You possess an exceptional clarity of mind. [mutagenic meat]
 39482 | Snake:4  | Lost mutation: You expend magic power (3 MP) to strengthen your wands. [mutagenic meat]
 39483 | Snake:4  | Lost mutation: You have a pair of small antennae on your head. [mutagenic meat]
 39549 | Snake:4  | Found Foutok's Armour Boutique.
 40047 | Snake:4  | Received a gift from Okawaru
 40393 | Snake:4  | Reached skill level 15 in Staves
 40465 | Snake:4  | Lost mutation: Your mind is acute. (Int +2) [mutagenic meat]
 40523 | Snake:4  | Got a serpentine rune of Zot
 40671 | Snake:4  | Received a gift from Okawaru
 41260 | D:9      | Lost mutation: Your system is resistant to poisons. (rPois) [potion of mutation]
 41260 | D:9      | Gained mutation: You are dopey. (Int -2) [potion of mutation]
 41526 | D:12     | Bought a pitted cloak for 361 gold pieces
 41536 | D:12     | Identified the +2 cloak of the Poles {rPois rC++ Str-3} (You bought it in a shop on level 12 of the Dungeon)
 41854 | Vaults:1 | Entered Level 1 of the Vaults
 42065 | Vaults:1 | Lost mutation: Scrolls take you much longer to read. [mutagenic meat]
 42066 | Vaults:1 | Gained mutation: Your magical capacity is low. (-10% MP) [mutagenic meat]
 42067 | Vaults:1 | Gained mutation: Your muscles are strong. (Str +2) [mutagenic meat]
 42417 | Vaults:1 | Reached XP level 19. HP: 124/183 MP: 14/24
 42431 | Vaults:1 | Gained mutation: Your muscles are very strong. (Str +4) [mutagenic meat]
 42432 | Vaults:1 | Lost mutation: You can translocate small distances at will. [mutagenic meat]
 42433 | Vaults:1 | Lost mutation: Your muscles are very strong. (Str +4) [mutagenic meat]
 42434 | Vaults:1 | Gained mutation: Your body sometimes deteriorates upon taking damage. [mutagenic meat]
 42458 | Vaults:1 | Lost mutation: Your magical capacity is low. (-10% MP) [mutagenic meat]
 42459 | Vaults:1 | Lost mutation: You are clumsy. (Dex -2) [mutagenic meat]
 42579 | Vaults:1 | Received a gift from Okawaru
 42579 | Vaults:1 | Reached skill level 16 in Staves
 42618 | Vaults:1 | Noticed Nikola
 42635 | Vaults:1 | Killed Nikola
 42645 | Vaults:1 | Paralysed by a sphinx for 6 turns
 42690 | Vaults:1 | Gained mutation: You have a pair of small antennae on your head. [mutagenic meat]
 43372 | Vaults:1 | Got a dazzling leather armour
 43383 | Vaults:1 | Identified the +0 leather armour "Toegock" {Stlth+} (You found it on level 1 of the Vaults)
 43764 | Vaults:1 | Reached skill level 1 in Crossbows
 43903 | Vaults:2 | Lost mutation: Scrolls take you longer to read. [mutagenic meat]
 43904 | Vaults:2 | Lost mutation: You have a pair of small antennae on your head. [mutagenic meat]
 43905 | Vaults:2 | Lost mutation: Your muscles are strong. (Str +2) [mutagenic meat]
 43923 | Vaults:2 | Reached skill level 2 in Crossbows
 44196 | Vaults:2 | Reached skill level 3 in Crossbows
 44354 | Vaults:2 | Received a gift from Okawaru
 44354 | Vaults:2 | Reached skill level 4 in Crossbows
 44445 | Vaults:2 | Reached skill level 5 in Crossbows
 44498 | Vaults:2 | Gained mutation: Your natural rate of healing is unusually fast. [mutagenic meat]
 44499 | Vaults:2 | Lost mutation: Scrolls take you a little longer to read. [mutagenic meat]
 44503 | Vaults:2 | Gained mutation: Armour fits poorly on your strangely shaped body. [mutagenic meat]
 44504 | Vaults:2 | Lost mutation: You are dopey. (Int -2) [mutagenic meat]
 44506 | Vaults:2 | Gained mutation: You passively map a small area around you. [mutagenic meat]
 44507 | Vaults:2 | Lost mutation: Your natural rate of healing is unusually fast. [mutagenic meat]
 44508 | Vaults:2 | Gained mutation: You are resistant to hostile enchantments. (MR+) [mutagenic meat]
 44597 | Vaults:2 | Gained mutation: Your flesh is cold resistant. (rC+) [mutagenic meat]
 44624 | Vaults:2 | Found a staircase to the Crypt.
 44822 | Vaults:2 | Reached skill level 6 in Crossbows
 44828 | Vaults:2 | Received a gift from Okawaru
 44898 | Vaults:2 | Gained mutation: You are dopey. (Int -2) [mutagenic meat]
 44899 | Vaults:2 | Gained mutation: You possess an exceptional clarity of mind. [mutagenic meat]
 44944 | Vaults:2 | Reached skill level 7 in Crossbows
 45056 | Vaults:2 | Lost mutation: Your body sometimes deteriorates upon taking damage. [mutagenic meat]
 45057 | Vaults:2 | Lost mutation: Armour fits poorly on your strangely shaped body. [mutagenic meat]
 45062 | Vaults:2 | Gained mutation: You have a pair of small horns on your head. [mutagenic meat]
 45063 | Vaults:2 | Lost mutation: You are very robust. (+20% HP) [mutagenic meat]
 45064 | Vaults:2 | Gained mutation: You occasionally shout uncontrollably at your foes. [mutagenic meat]
 45065 | Vaults:2 | Lost mutation: You have a pair of small horns on your head. [mutagenic meat]
 45067 | Vaults:2 | Lost mutation: You are resistant to hostile enchantments. (MR+) [mutagenic meat]
 45400 | Vaults:2 | Lost mutation: Your flesh is cold resistant. (rC+) [mutagenic meat]
 45501 | Vaults:2 | Reached skill level 8 in Crossbows
 45739 | Vaults:2 | Gained mutation: Your skin changes colour to match your surroundings (Stealth+). [mutagenic meat]
 46189 | Vaults:3 | Received a gift from Okawaru
 46301 | Vaults:3 | Reached skill level 9 in Crossbows
 46507 | Vaults:3 | Reached XP level 20. HP: 149/176 MP: 28/28
 46691 | Vaults:3 | Received a gift from Okawaru
 46970 | Vaults:3 | Reached skill level 15 in Fighting
 46979 | Vaults:3 | Reached skill level 10 in Crossbows
 46999 | Vaults:3 | Received a gift from Okawaru
 47827 | Vaults:4 | Received a gift from Okawaru
 47900 | Vaults:4 | Received a gift from Okawaru
 47908 | Vaults:4 | Got an ichor-stained quarterstaff {god gift}
 47915 | Vaults:4 | Identified the +6 quarterstaff of Evil {crush, rElec rC++ Dex-4 SInv} (Okawaru gifted it to you on level 4 of the Vaults)
 48239 | Vaults:4 | Gained mutation: Your spells are a little harder to cast, but a little more powerful. [mutagenic meat]
 48568 | Vaults:4 | Reached skill level 16 in Fighting
 48693 | Vaults:4 | Received a gift from Okawaru
 48863 | Vaults:4 | Reached skill level 11 in Crossbows
 48888 | Vaults:4 | Noticed Mennas
 48913 | Vaults:4 | HP: 13/182 [Mennas/trishula of holy wrath (7)]
 48913 | Vaults:4 | Mangled by Mennas

Vault maps used:
D:1:      dpeg_arrival_rooms_with_view, minmay_crystal_water,
          minmay_statues_item
D:2:      cheibrodos_greedy_goblins, ecumenical_altar_2, first_bread,
          uniq_robin, uniq_crazy_yiuf_cottage, uniq_jessica
D:4:      nicolae_overflow_hidden_temple, gup_sewer_entry_spiral, uniq_natasha
D:5:      nicolae_ru_awakened_eye
D:6:      old_standard_altar, serial_shops,
          nicolae_shop_temple_entry_statues_fountains, uniq_grinder
D:7:      minmay_misc_feat_tiny, uniq_joseph
D:8:      serial_shops, shop, uniq_grum
D:9:      dpeg_lair_monsters
D:10:     serial_shops, shop, hangedman_pestilent_swarm, patterned_corridor
D:11:     centaur_isle
D:12:     minmay_eight_partial_circles, david_orc_4, serial_shops, shop,
          nicolae_dithmenos_the_darkroom, uniq_fannar
D:13:     cheibrodos_magma_flow, lightli_vaults_fourway_checkpoint,
          serial_shops, kennysheep_mini_moat, shop, shop,
          nicolae_shop_overgrown_old_shop, hangedman_corner_corridor
D:14:     enter_trove_3, old_standard_altar, enter_bailey_2, serial_shops, shop
D:15:     hangedman_depths_entry_try_elsewhere_first, basic_altar,
          serial_bayou_pond_b, serial_shops, shop
Temple:   regret_index_temple_sphere_string
Lair:1:   grunt_megastairs_4, lemuel_fruit_tree
Lair:2:   st_stairs_9, uniq_harold
Lair:3:   minmay_swamp_entry_reptiles, guppyfry_snake_entry_island,
          grunt_forest_small_clearings
Lair:4:   lemuel_fruit_fields, uniq_nergalle, uniq_rupert, uniq_nessos
Lair:5:   grunt_megastairs_5, uniq_josephine, uniq_kirke
Lair:6:   grunt_lair_end_beastmaster, dpeg_slime_entry_corner,
          portal_ice_cave_entry_animals_and_master, bh_autumn_forest_stairs,
          grunt_megastairs_3, serial_bayou_shore_b, serial_bayou_shore_b,
          serial_bayou_shore_a, uniq_snorg
Swamp:1:  nicolae_swamp_round_clearing
Swamp:2:  evilmike_swamp_ruin_house_2, swamp_pool3, uniq_roxanne
Swamp:3:  serial_swamp_ruin, evilmike_swamp_ruin_rubble_1,
          hangedman_swamp_ruin_wall, uniq_louise
Swamp:4:  swamp_basic_johnstein, infiniplex_staircase_pool
Snake:1:  hangedman_snake_corridor_cut
Snake:2:  cheibrodos_snake_lava_hold, basic_stair_grate_trap, uniq_aizul,
          uniq_vashnia
Snake:3:  minmay_shop_grove
Snake:4:  minmay_snake_end_coiled, serial_shops, shop, nicolae_shop_trees,
          serial_bayou_pond_a
Orc:1:    cheibrodos_orc_bank, mines2_lemuel
Orc:2:    grunt_orc_cross, serial_shops, shop, nicolae_orc_stony_grotto
Vaults:1: v_misc_19, v_misc_8, v_alt_pattern_1, nicolae_vaults_yaktaur_gun_rack,
          nicolae_vaults_circle_grid_b, nicolae_vaults_network_quinsquares,
          vaults_dpeg_hooks, vaults_room_semicircle, vaults_dpeg_ring,
          hangedman_vaults_maws, uniq_nikola
Vaults:2: st_spiral_rooms, vaults_room_octagon,
          hangedman_vaults_stretched_pinwheel, v_alt_pattern_2,
          blue_anna_dwarven_crypt, vaults_room_stairs_pillars,
          ontoclasm_vaults_twist, v_alt_pattern_6, vaults_standard_mumra_lines,
          vaults_room_door_ring
Vaults:3: nicolae_vaults_back_hallway, v_misc_32, v_pattern_4, v_misc_30,
          vaults_room_hallway, nicolae_vaults_stairing_the_circle, v_misc_17,
          hangedman_vaults_trim, vaults_mumra_hexcomb,
          nicolae_vaults_little_squares_6
Vaults:4: ontoclasm_vaults_decontamination, v_alt_pattern_3, v_pattern_3,
          v_misc_18, nicolae_vaults_network_s, vaults_mumra_bighexcomb,
          grunt_vaults_hallway_short, vaults_room_grunt_arrival_ludios,
          nicolae_vaults_big_ls, ontoclasm_vaults_shuriken, v_misc_14,
          vaults_room_grid, hangedman_vaults_corner, vaults_room_door_ring,
          uniq_mennas
Bailey:   bailey_axe_3, bailey

Skill      XL: |  1  2  3  4  5  6  7  8  9 10 11 12 13 14 15 16 17 18 19 20 |
---------------+-------------------------------------------------------------+-----
Staves         | 3 4 5 6 7 8 10 12 14 15 16 | 16.7
Translocations | 2 3 4 |  4.4
Dodging        | 3 4 6 8 10 13 14 | 14.0
Fighting       | 3 5 6 7 9 10 14 16 | 16.5
Invocations    | 5 6 7 11 | 11.0
Armour         | 3 6 8 10 14 | 14.0
Charms         | 2 4 5 6 8 |  8.4
Air Magic      | 3 4 6 8 |  8.0
Spellcasting   | 3 4 |  4.5
Crossbows      | 9 11 | 11.1
Throwing       | |  1.7

Action                   |  1- 3 |  4- 6 |  7- 9 | 10-12 | 13-15 | 16-18 | 19-21 || total
-------------------------+-------+-------+-------+-------+-------+-------+-------++-------
Melee: Quarterstaff      |    90 |   148 |   348 |   701 |   147 |    82 |   218 ||  1734
       Kick              |    18 |    54 |   105 |   325 |   505 |   741 |   414 ||  2162
       Flail             |       |    94 |    12 |       |       |       |       ||   106
       Lajatang          |       |       |       |       |   910 |  1330 |   628 ||  2868
 Fire: Hunting sling     |       |       |       |    27 |    13 |    13 |       ||    53
       Arbalest          |       |       |       |       |       |       |    11 ||    11
Throw: Throwing net      |       |       |       |     3 |     3 |       |       ||     6
       Javelin           |       |       |       |    10 |     4 |       |       ||    14
 Cast: Blink             |       |       |     5 |     1 |     3 |     2 |     1 ||    12
       Repel Missiles    |       |       |       |     4 |    11 |    18 |     5 ||    38
       Shroud of Golubri |       |       |       |     6 |    32 |    47 |    36 ||   121
       Song of Slaying   |       |       |       |     6 |    29 |    53 |    36 ||   124
       Infusion          |       |       |       |     2 |    19 |    17 |    12 ||    50
       Regeneration      |       |       |       |       |       |     4 |    35 ||    39
Invok: Heroism           |       |       |     1 |    14 |    10 |    10 |     3 ||    38
       Finesse           |       |       |       |       |     3 |     2 |     1 ||     6
 Abil: Evoke Flight      |       |       |       |       |     3 |       |       ||     3
Evoke: Fan of gales      |       |       |       |     1 |       |       |       ||     1
       Wand              |       |       |       |       |       |     2 |       ||     2
  Use: Scroll            |       |       |     7 |     5 |    13 |    16 |     1 ||    42
       Potion            |       |       |       |     4 |       |     5 |       ||     9
 Stab: Sleeping          |       |     3 |       |       |     3 |     3 |     3 ||    12
       Paralysed         |       |       |     4 |     5 |       |       |       ||     9
       Petrified         |       |       |     1 |     8 |       |       |       ||     9
       Petrifying        |       |       |     3 |     2 |       |       |       ||     5
       Confused          |       |       |     2 |     2 |       |     1 |       ||     5
       Distracted        |       |       |       |     4 |    10 |    15 |     4 ||    33
  Eat: Chunk             |     1 |    10 |    10 |    32 |    30 |    83 |    81 ||   247
       Bread ration      |       |       |     2 |       |       |       |       ||     2
       Beef jerky        |       |       |       |     2 |     1 |     3 |       ||     6
       Pizza             |       |       |       |     2 |       |       |       ||     2
       Meat ration       |       |       |       |     2 |       |       |       ||     2
       Fruit             |       |       |       |       |     4 |       |       ||     4
Armor: Leather armour    |    21 |    15 |       |       |       |       |       ||    36
       Robe              |       |    49 |    30 |       |       |       |       ||    79
       Ring mail         |       |       |    53 |   128 |   135 |   232 |   138 ||   686
Dodge: Dodged            |    53 |   173 |   233 |   546 |   849 |  1225 |   581 ||  3660
       Deflected         |       |       |       |     5 |    23 |    78 |    19 ||   125
